 Dungeon Crawl Stone Soup version bcrawl-1.17.3 (webtiles) character file.

Game seed: 16042874650016327919

120 Chiseanne the Vandal (level 4, -3/35 HPs)
             Began as a Mummy Archaeologist on Oct 25, 2019.
             Slain by an orc
             ... wielding a +0 trident
              (8 damage)
             ... on level 3 of the Dungeon.
             The game lasted 00:03:40 (3115 turns).

Chiseanne the Vandal (Mummy Archaeologist)          Turns: 3115, Time: 00:03:41

Health: -3/35      AC:  9    Str: 14    XL:     4   Next: 75%
Magic:  4/4        EV: 11    Int: 14    God:
Gold:   199        SH:  0    Dex: 10    Spells: 3/3 levels left

rFire    x . .     SeeInvis .   a - +1 mace
rCold    + . .     Gourm    .   (no shield)
rNeg     + + +     Faith    .   h - +0 ring mail
rPois    ∞         Spirit   .   c - +1 hat
rElec    .         Reflect  .   (no cloak)
rCorr    .         Harm     .   b - +0 pair of gloves
MR       .....     Clarity  +   d - +1 pair of boots
Stlth    +.........             (no amulet)
HPRegen  0.11/turn              (no ring)
MPRegen  0.09/turn              (no ring)

@: studying Slings
A: no food or potions, fire vulnerability, clarity, cold resistance 1, negative
energy resistance 3, torment resistance, unbreathing
a: no special abilities


You were on level 3 of the Dungeon.
You were not hungry.

You visited 1 branch of the dungeon, and saw 3 of its levels.

You collected 199 gold pieces.

Inventory:

Hand Weapons
 a - a +1 mace (weapon)
Missiles
 g - 1372 stones (quivered)
 k - 640 sling bullets
 m - 179 bolts
 p - 153 poisoned needles
Armour
 b - a +0 pair of gloves (worn)
 c - a +1 hat (worn)
 d - a +1 pair of boots (worn)
 h - a +0 ring mail (worn)
Jewellery
 o - an uncursed ring of protection from cold {unknown}
Scrolls
 i - 3 scrolls of remove curse
 j - a scroll of immolation
 l - 3 scrolls of identify
 n - a scroll of noise {unknown}
Books
 e - a manual of Slings
Miscellaneous
 f - an ancient crate


   Skills:
 - Level 3.0 Fighting
 - Level 0.7 Maces & Flails
 + Level 4.0 Slings
 - Level 2.4 Dodging
 - Level 2.6 Stealth


You had 3 spell levels left.
You didn't know any spells.
Your spell library was empty.

Dungeon Overview and Level Annotations

Branches:
Dungeon (3/12)

Altars:


Innate Abilities, Weirdness & Mutations

You do not eat or drink.
Your flesh is vulnerable to fire.
You are immune to poison.
You possess an exceptional clarity of mind.
Your flesh is cold resistant. (rC+)
You are immune to negative energy. (rN+++)
You are immune to unholy pain and torment.
You can survive without breathing.


Message History

The orc is almost dead.
The orc hits you from afar with a +0 trident.
The orc hits you but does no damage.
You barely miss the orc.
The orc is almost dead.
The orc hits you but does no damage. The orc barely misses you.
The orc hits you from afar with a +0 trident.
You completely miss the orc.
The orc is almost dead.
The orc misses you.
The orc hits you from afar with a +0 trident!
* * * LOW HITPOINT WARNING * * *
You closely miss the orc.
The orc is almost dead.
The orc misses you. x2
You hit the orc.
You kill the orc!
The kobold throws a stone.
The stone hits you but does no damage.
The orc hits you from afar with a +0 trident!
You die...

##....#.# #.##.....#
##....#.# #.##.##'##
###.)##.# ###.##.##.#
.##..##.###......##.#
.##..#...........##.#
..#..#..###......##.#
#.#.................#
.....#..###.#..#.####
...)........#..#@#
...............#)#
.....##.########Ko......
.......... +........
.....##.########.(......
...#.#........##########
...#.#............#
...#..............#
...#..............#


You could see an orc and a kobold.

Vanquished Creatures
  3 adders (D:3)
  2 oozes (D:2)
  An adder skeleton (D:3)
  4 worms
  A dart slug (D:1)
  2 leopard geckos (D:1)
  5 orcs (D:3)
  4 bats
  3 giant cockroaches
  4 goblins
  3 hobgoblins (D:2)
  7 jackals
  11 kobolds
  A quokka (D:2)
  3 frilled lizards
  10 rats
64 creatures vanquished.

Notes
Turn   | Place    | Note
-------+----------+-------------------------------------------
     0 | D:1      | Chiseanne the Mummy Archaeologist began the quest for the
                  | Orb.
     0 | D:1      | Reached XP level 1. HP: 15/15 MP: 1/1
   213 | D:1      | Reached XP level 2. HP: 21/22 MP: 2/2
   932 | D:1      | Reached XP level 3. HP: 27/29 MP: 3/3
  1264 | D:2      | Reached skill level 1 in Slings
  1945 | D:2      | Reached skill level 2 in Slings
  2424 | D:3      | Reached XP level 4. HP: 27/35 MP: 4/4
  2504 | D:3      | Reached skill level 3 in Slings
  3109 | D:3      | Reached skill level 4 in Slings
  3115 | D:3      | Slain by an orc

Skill      XL: |  1  2  3  4 |
---------------+-------------+-----
Fighting       | 2 3 |  3.0
Slings         | 2 4 |  4.0
Maces & Flails | |  0.7
Dodging        | |  2.4
Stealth        | |  2.6

Action                   |  1- 3 |  4- 6 || total
-------------------------+-------+-------++-------
Melee: Mace              |   159 |    84 ||   243
  Use: Scroll            |     6 |       ||     6
 Stab: Sleeping          |     1 |     1 ||     2
Armor: Robe              |    14 |       ||    14
       Ring mail         |    64 |    44 ||   108
Dodge: Dodged            |   112 |    59 ||   171
